 Dungeon Crawl Stone Soup version 0.30-a0-359-gd0147acb1a (webtiles) character file.

Game seed: 4305433670865326538

134237 koil the Spry (level 16, 0/129 HPs)
             Began as a Vampire Enchanter on Nov 12, 2022.
             Was the Champion of Makhleb.
             Slain by a black mamba (3 damage)
             ... led by a naga ritualist
             ... on level 2 of the Snake Pit on Nov 13, 2022.
             The game lasted 03:57:43 (37052 turns).

koil the Spry (Vampire Enchanter)                  Turns: 37052, Time: 03:57:45

Health: 0/129      AC: 16    Str:  7    XL:     16   Next: 61%
Magic:  25/30      EV: 21    Int: 26    God:    Makhleb [******]
Gold:   856        SH:  0    Dex: 19    Spells: 10/35 levels left

rFire   + . .      SeeInvis +    V - +3 Maxwell's thermic engine {flame, freeze}
rCold   + + .      Faith    .    (no shield)
rNeg    . . .      Spirit   .    Y - +3 leather armour {rF+}
rPois   +          Reflect  .    D - +0 helmet
rElec   .          Harm     .    A - +1 cloak {rC+}
rCorr   +          Rampage  .    B - +1 pair of gloves of the Breadfruit {rC+ Int+2 Dex+3}
Will    +....                    F - +2 pair of boots
Stlth   +++++.....               f - amulet of regeneration
HPRegen 1.41/turn                h - ring of resist corrosion
MPRegen 0.22/turn                k - ring of poison resistance

@: mighty, healing quickly, studying Armour
A: alive, fangs 3, see invisible, vampiric 2
a: Exsanguinate, Renounce Religion, Minor Destruction, Lesser Servant of
Makhleb, Major Destruction, Greater Servant of Makhleb


You were on level 2 of the Snake Pit.
You worshipped Makhleb.
Makhleb was exalted by your worship.
You visited 5 branches of the dungeon, and saw 25 of its levels.
You also visited: Sewer, Ossuary, Ice Cave and Volcano.

You collected 2381 gold pieces.
You spent 1525 gold pieces at shops.

Inventory:

Hand Weapons
 a - a +3 rapier of speed
 b - the +5 long sword "Budada" {drain, rElec rC- Int+4}
   (You found it on level 2 of the Lair of Beasts)

   A truly terrible weapon, it drains the life of any living foe it strikes.
   Int:       It affects your intelligence (+4).
   rC:        It makes you vulnerable to cold.
   rElec:     It insulates you from electricity.
 s - the +0 shortbow "Hiatup" {elec, rF- Str+3 Dex+7}
   (You found it on level 1 of the Snake Pit)

   Any ammunition fired from it occasionally discharges a powerful burst of
   electricity upon striking a foe.
   Str:       It affects your strength (+3).
   Dex:       It affects your dexterity (+7).
   rF:        It makes you vulnerable to fire.
 V - the +3 Maxwell's thermic engine (weapon) {flame, freeze}
   (You found it in an ice cave)

   It burns those it strikes, dealing additional fire damage.
   Big, fiery blades are also staple armaments of hydra-hunters.
   It freezes those it strikes, dealing additional cold damage.
   It can also slow down cold-blooded creatures.
   It becomes more effective when it hits something.
   This effect fades over time.
Missiles
 d - 6 silver javelins (quivered) {!f}
 z - 3 atropa-tipped darts
 C - 16 curare-tipped darts {!f}
 H - 5 datura-tipped darts
Armour
 o - the +3 leather armour of the Harvest {Contam rElec Str+2 Slay+3}
   (You found it on level 13 of the Dungeon)

   Str:       It affects your strength (+2).
   Slay:      It affects your accuracy & damage with ranged weapons and melee
   (+3).
   rElec:     It insulates you from electricity.
   Contam:    It causes magical contamination when unequipped.
 y - the +4 robe of Augmentation {Str+4 Int+4 Dex+4}
   (You found it on level 3 of the Dungeon)

   Str:       It affects your strength (+4).
   Int:       It affects your intelligence (+4).
   Dex:       It affects your dexterity (+4).
 A - a +1 cloak of cold resistance (worn)
 B - the +1 pair of gloves of the Breadfruit (worn) {rC+ Int+2 Dex+3}
   (You found it on level 5 of the Lair of Beasts)

   Int:       It affects your intelligence (+2).
   Dex:       It affects your dexterity (+3).
   rC:        It protects you from cold.
 D - a +0 helmet (worn)
 F - a +2 pair of boots (worn)
 Y - a +3 leather armour of fire resistance (worn)
Jewellery
 f - an amulet of regeneration (around neck)
 g - a ring of wizardry
 h - a ring of resist corrosion (left hand)
 k - a ring of poison resistance (right hand)
 M - a +6 ring of dexterity
Wands
 n - a wand of mindburst (23)
 x - a wand of paralysis (24)
 G - a wand of digging (8)
 J - a wand of quicksilver (6)
Scrolls
 e - 12 scrolls of teleportation
 m - a scroll of brand weapon
 r - 4 scrolls of butterflies
 v - a scroll of magic mapping
 K - a scroll of immolation
 N - 2 scrolls of vulnerability
 O - a scroll of poison
 T - 3 scrolls of torment
 W - 3 scrolls of fear
 Z - 2 scrolls of summoning
Potions
 c - 7 potions of invisibility
 i - a potion of resistance
 j - a potion of lignification
 l - a potion of flight
 p - 2 potions of magic
 q - a potion of ambrosia
 t - 4 potions of haste
 E - 3 potions of might
 I - 4 potions of brilliance
 U - a potion of cancellation
Miscellaneous
 R - a phial of floods
 S - a phantom mirror


   Skills:
 + Level 12.6 Fighting
 - Level 10.0(10.2) Short Blades
 + Level 3.3(6.7) Long Blades
 + Level 8.1 Armour
 + Level 15.1 Dodging
 - Level 11.3 Stealth
 - Level 10.0 Spellcasting
 - Level 6.0 Conjurations
 - Level 10.0 Hexes
 - Level 3.0 Necromancy
 + Level 8.5 Fire Magic
 - Level 5.0 Ice Magic
 + Level 6.1 Air Magic
 - Level 3.0 Invocations
 - Level 3.0 Evocations


You had 10 spell levels left.
You knew the following spells:

 Your Spells              Type           Power      Damage    Failure   Level
a - Ensorcelled Hibernat  Hex/Ice        100%       N/A       1%          2
b - Confusing Touch       Hex            60%        N/A       1%          3
c - Slow                  Hex            100%       N/A       1%          1
d - Vampiric Draining     Necr           28%        2d8       5%          3
e - Fireball              Conj/Fire      25%        3d11      9%          5
f - Freezing Cloud        Conj/Ice/Air   21%        6-21      17%         5
g - Starburst             Conj/Fire      25%        6d8       43%         6

Your spell library contained the following spells:

 Spells                   Type           Power      Damage    Failure   Level
 Foxfire                  Conj/Fire      100%       2x1d9     1%          1
 Magic Dart               Conj           100%       1d8       1%          1
 Necrotise                Necr           100%       1d9       1%          1
 Dazzling Flash           Conj/Hex       100%       N/A       1%          3
 Hailstorm                Conj/Ice       41%        3d10      1%          3
 Tukima's Dance           Hex            60%        N/A       1%          3
 Cigotuvi's Dreadful Rot  Necr/Pois/Air  56%        N/A       2%          2
 Sublimation of Blood     Necr           28%        N/A       2%          2
 Frozen Ramparts          Ice            78%        1d12      2%          3
 Summon Guardian Golem    Hex/Summ       39%        N/A       2%          3
 Mephitic Cloud           Conj/Pois/Air  34%        N/A       3%          3
 Sticky Flame             Conj/Fire      50%        2d7       3%          4
 Beastly Appendage        Tmut           26%        N/A       6%          1
 Summon Small Mammal      Summ           52%        N/A       6%          1
 Leda's Liquefaction      Hex/Erth       19%        N/A       8%          4
 Call Imp                 Summ           13%        N/A       10%         2
 Wereblood                Tmut           13%        N/A       10%         2
 Call Canine Familiar     Summ           13%        N/A       19%         3
 Spider Form              Tmut/Pois      13%        N/A       19%         3
 Dispel Undead            Necr           28%        3d13      19%         4
 Ice Form                 Ice/Tmut       26%        N/A       22%         4
 Summon Ice Beast         Ice/Summ       26%        N/A       22%         4
 Conjure Ball Lightning   Conj/Air       22%        3x3d7     61%         6
 Borgnjor's Vile Clutch   Necr/Erth      10%        N/A       67%         5
 Lee's Rapid Deconstruct  Erth           6%         3d6*      86%         5
 Simulacrum               Ice/Necr       16%        N/A       88%         6
 Death Channel            Necr           14%        N/A       95%         6
 Iron Shot                Conj/Erth      14%        9d4       95%         6
 Statue Form              Tmut/Erth      8%         N/A       100%        6
 Ozocubu's Refrigeration  Ice            19%        4d11      100%        7
 Discord                  Hex            30%        N/A       100%        8
 Disjunction              Tloc           6%         N/A       100%        8


Dungeon Overview and Level Annotations

Branches:
Dungeon (15/15)            Temple (1/1) D:7            Lair (5/5) D:9
 Shoals (0/4) Lair:3        Snake (2/4) Lair:2        Slime (0/5) Lair:4
    Orc (2/2) D:12            Elf (0/3) Orc:2        Vaults (0/5) D:13
 Depths (0/4) D:15          Sewer (visited)         Ossuary (visited)
  IceCv (visited)         Volcano (visited)

Altars:
Ashenzari
Cheibriados
Dithmenos
Fedhas
Gozag
Hepliaklqana
Kikubaaqudgha
Makhleb
Nemelex Xobeh
Okawaru
Qazlal
Ru
Sif Muna
Trog
Uskayaw
Vehumet
Wu Jian
Xom
Yredelemnul
Lugonu

Shops:
D:1 (:   D:9 :   D:10 *   Orc:2 =*(!   Snake:2 (

Portals:
Abyss: Lair:5

Annotations:
D:14 3 runed translucent doors, Pyqakag's ghost, journeyman FoFi


Innate Abilities, Weirdness & Mutations

Your natural rate of healing is accelerated.
You have razor-sharp teeth.
You have supernaturally acute eyesight. (SInv)
You are afflicted with vampirism and can become a bat while bloodless.


Message History

The anaconda completely misses you. The black mamba completely misses you.
The black mamba barely misses you.
The naga ritualist completely misses you.
The black mamba bites you but does no damage.
The black mamba completely misses you. x2
You catch the helpless anaconda completely off-guard!
You hit the anaconda but do no damage.
The anaconda appears confused.
You freeze the anaconda.
The anaconda seems to slow down.
The anaconda is severely wounded.
The black mamba misses you. The black mamba bites you!
* * * LOW HITPOINT WARNING * * *
The black mamba misses you. The anaconda bites you.
* * * LOW HITPOINT WARNING * * *
The naga ritualist misses you.
The black mamba bites you but does no damage. x2
The black mamba completely misses you.
You strike the helpless anaconda from behind!
You slash the anaconda! You burn the anaconda.
You kill the anaconda!
Makhleb accepts your kill.
You feel better. The black mamba closely misses you.
The black mamba barely misses you. The black mamba bites you.
* * * LOW HITPOINT WARNING * * *
The naga ritualist hits you from afar with a +0 halberd.
* * * LOW HITPOINT WARNING * * *
The black mamba completely misses you. x2; The black mamba closely misses you.
You closely miss the black mamba.
The black mamba is heavily wounded.
The naga ritualist's toxic aura wanes.
The black mamba bites you.
* * * LOW HITPOINT WARNING * * *
The black mamba bites you!
* * * LOW HITPOINT WARNING * * *
The black mamba bites you!
* * * LOW HITPOINT WARNING * * *
The naga ritualist prays to its god.
The naga ritualist begins to radiate toxic energy.
* * * LOW HITPOINT WARNING * * *
The black mamba barely misses you. The black mamba closely misses you.
The black mamba bites you.
You die...

...# .##.##.... ...# ...... #....
...# ############....###.... ...#
###................# .... .#..#
##............##...## .#. .##.#
##.............##....# # .# .....
#...............†...# .# ....
##...................#..###
.....#..........@SN.........⌠..#
.....#..........SS........#...N.#
#.....#####.....#....# #.S..
#.........###...#......# #..
#.).........##.....#.##### .
##...........##.#..##..#.
#....####....#.........##
##..)...##...##.........#
##...<..#....#.........#


You could see a naga ritualist (toxic aura) and 3 black mambas.

Vanquished Creatures
  Jorgrun (Orc:2)
  Rupert (Orc:2)
  A nagaraja (Snake:1)
  An orc warlord (Orc:2)
  A stone giant (Volcano)
  Nessos (D:13)
  Azrael (D:13)
  An ettin (D:15)
  An entropy weaver (shapeshifter) (Lair:5)
  A salamander tyrant (Snake:1)
  Fannar (Lair:2)
  Erolcha (D:12)
  13 hydras
  A death knight (D:13)
  A catoblepas (D:12)
  2 centaur warriors (D:14)
  4 anacondas
  5 death yaks (Lair:2)
  2 tengu warriors
  A boulder beetle (Lair:4)
  3 naga warriors
  7 two-headed ogres
  2 thrashing horrors (Lair:5)
  2 naga sharpshooters (Snake:1)
  4 orc high priests (Orc:2)
  4 slime creatures
  Sonja (D:13)
  8 shock serpents
  A hell knight (D:15)
  5 skeletal warriors (D:15)
  A naga ritualist (Snake:1)
  An obsidian statue (D:12)
  3 wizards
  2 deep trolls
  3 large abominations (Lair:5)
  Pikel (D:7)
  2 deep elf pyromancers
  4 necromancers
  5 orc knights
  3 ugly things
  4 mana vipers (Snake:1)
  6 orc sorcerers
  A manticore (D:12)
  7 cyclopes
  2 oklob plants
  6 elephants
  8 salamanders
  2 ice statues
  17 black mambas
  3 naga magi
  A guardian serpent (Snake:1)
  5 smoke demons (Lair:5)
  3 gargoyles (Volcano)
  Maurice (D:8)
  2 torpor snails
  2 rime drakes
  2 efreet
  11 cane toads
  6 freezing wraiths
  2 anaconda simulacra (IceCv)
  13 ice devils (IceCv)
  9 komodo dragons
  3 kobold demonologists
  An ancient zyme (Lair:5)
  8 trolls
  6 meliai
  Prince Ribbit (D:7)
  29 blink frogs
  2 dire elephant simulacra (IceCv)
  A ynoxinul (Lair:5)
  A shadow (D:11)
  2 vampires (D:11)
  A wyvern (shapeshifter) (D:9)
  8 wyverns
  5 basilisks
  A spriggan (Lair:5)
  7 fire elementals
  43 yaks
  5 wraiths
  4 vampire mosquitoes (D:11)
  A chaos spawn (Lair:5)
  8 death yak simulacra (IceCv)
  18 nagas
  Menkaure (D:7)
  23 water moccasins
  5 wargs
  An acid dragon (D:13)
  3 hydra simulacra (IceCv)
  A hell hound (D:13)
  9 black bears
  3 ice beasts
  A sky beast (D:4)
  32 orc warriors
  12 ogres
  A black bear (shapeshifter) (D:14)
  13 wolves
  20 centaurs
  19 kobold brigands
  2 elf zombies (Ossuary)
  8 bullfrogs
  3 two-headed ogre simulacra (IceCv)
  4 cane toad simulacra (IceCv)
  11 small abominations (Lair:5)
  10 wights
  17 killer bees
  An elephant simulacrum (IceCv)
  2 howler monkeys (D:8)
  3 jellies
  2 human zombies (Ossuary)
  27 orc priests
  3 centaur zombies (Ossuary)
  A gnoll bouda (D:6)
  2 hounds
  3 iguanas (D:5)
  15 orc wizards
  A troll simulacrum (IceCv)
  2 polar bear simulacra (IceCv)
  5 wolf simulacra (IceCv)
  2 hound zombies (Ossuary)
  3 mummies (Ossuary)
  11 gnolls
  11 adders
  3 river rats (Sewer)
  12 white imps (Lair:4)
  3 ufetubi
  2 adder zombies (Ossuary)
  2 worms (D:2)
  2 dart slugs
  87 orcs
  4 bats
  9 endoplasms
  6 giant cockroaches
  4 gnoll zombies (Ossuary)
  3 goblins
  4 hobgoblins
  10 jackals
  2 quokkas
  7 ball pythons
  6 frilled lizards
  5 goblin zombies (Ossuary)
  3 hobgoblin zombies (Ossuary)
  2 jackal zombies (Ossuary)
  38 kobolds
  4 kobold zombies (Ossuary)
  An orc zombie (Ossuary)
  2 quokka zombies (Ossuary)
  9 rats
  5 rat zombies (Ossuary)
  32 fungi
  50 plants
981 creatures vanquished.

Notes
Turn   | Place    | Note
-------+----------+-------------------------------------------
     0 | D:1      | koil the Vampire Enchanter began the quest for the Orb.
     0 | D:1      | Reached XP level 1. HP: 13/13 MP: 3/3
   218 | D:1      | Found Jytios's Antique Weapon Emporium.
   283 | D:1      | Reached XP level 2. HP: 19/19 MP: 5/5
   291 | D:1      | Learned a level 2 spell: Ensorcelled Hibernation
   518 | D:1      | Gained mutation: You are afflicted with vampirism and can
                  | become a bat while bloodless. [Vampire growth]
   518 | D:1      | Reached XP level 3. HP: 16/25 MP: 3/6
   522 | D:1      | Learned a level 3 spell: Confusing Touch
   524 | D:1      | Learned a level 1 spell: Slow
   562 | D:1      | Found Raicasuz's Book Shop.
   840 | D:1      | You fall into a shaft and drop 1 floor!
  1035 | D:2      | Reached skill level 5 in Stealth
  1191 | D:2      | Reached skill level 1 in Fighting
  1269 | D:2      | Found a faded altar of an unknown god.
  1419 | D:2      | Reached skill level 5 in Hexes
  1419 | D:2      | Reached XP level 4. HP: 32/32 MP: 4/7
  1553 | D:2      | Found a sparkling altar of Nemelex Xobeh.
  1661 | D:2      | Reached skill level 3 in Dodging
  1882 | D:2      | Reached XP level 5. HP: 37/37 MP: 1/9
  2146 | D:3      | Found a glowing drain.
  2164 | Sewer    | Entered a sewer
  2339 | Sewer    | Reached XP level 6. HP: 44/44 MP: 7/10
  3478 | D:3      | Found the +4 robe of Augmentation {Str+4 Int+4 Dex+4}
  3677 | D:4      | Noticed a sky beast
  3763 | D:4      | Found a shimmering blue altar of Sif Muna.
  3778 | D:4      | Killed a sky beast
  3779 | D:4      | Reached skill level 4 in Dodging
  3779 | D:4      | Reached XP level 7. HP: 51/51 MP: 8/12
  3813 | D:4      | Found a blossoming altar of Fedhas.
  4064 | D:4      | Found an opulent altar of Gozag.
  4246 | D:4      | Found a stormy altar of Qazlal.
  4301 | D:4      | Found a burning altar of Makhleb.
  4307 | D:4      | Became a worshipper of Makhleb the Destroyer
  4406 | D:5      | Entered Level 5 of the Dungeon
  5029 | D:5      | Noticed a two-headed ogre
  5034 | D:5      | Killed a two-headed ogre
  5035 | D:5      | Reached skill level 5 in Dodging
  5035 | D:5      | Reached XP level 8. HP: 59/59 MP: 14/14
  5531 | D:6      | Reached skill level 5 in Short Blades
  5593 | D:6      | Reached XP level 9. HP: 65/65 MP: 8/16
  5776 | D:6      | Reached * piety under Makhleb
  5893 | D:6      | Reached skill level 6 in Dodging
  5933 | D:6      | Reached skill level 5 in Spellcasting
  6451 | D:6      | Reached skill level 10 in Stealth
  6706 | D:7      | Noticed Menkaure
  6713 | D:7      | Killed Menkaure
  6730 | D:7      | Found a sand-covered staircase.
  6747 | Ossuary  | Entered an ossuary
  6792 | Ossuary  | Reached skill level 5 in Fighting
  6836 | Ossuary  | Reached ** piety under Makhleb
  7338 | D:7      | Reached XP level 10. HP: 67/74 MP: 18/18
  7342 | D:7      | Learned a level 3 spell: Vampiric Draining
  7362 | D:7      | Found a staircase to the Ecumenical Temple.
  7392 | D:7      | Noticed Pikel
  7409 | D:7      | Killed Pikel
  7410 | D:7      | Reached skill level 7 in Dodging
  7417 | D:7      | Reached skill level 1 in Necromancy
  7716 | D:7      | Reached *** piety under Makhleb
  7981 | D:7      | Noticed Prince Ribbit
  7994 | D:7      | Killed Prince Ribbit
  8077 | D:7      | Found an ancient bone altar of Kikubaaqudgha.
  8116 | Temple   | Entered the Ecumenical Temple
  8206 | D:8      | Reached skill level 10 in Hexes
  8302 | D:8      | Noticed Maurice
  8315 | D:8      | Killed Maurice
  8505 | D:8      | Found a broken altar of Ashenzari.
  8797 | D:8      | Found a basalt altar of Yredelemnul.
  8798 | D:8      | Found a shadowy altar of Dithmenos.
  8800 | D:8      | Found an iron altar of Okawaru.
  8967 | D:8      | Learned a level 5 spell: Fireball
  9037 | D:8      | Reached skill level 1 in Fire Magic
  9045 | D:8      | Reached skill level 1 in Conjurations
  9145 | D:9      | Reached **** piety under Makhleb
  9150 | D:9      | Reached skill level 8 in Dodging
  9200 | D:9      | Reached XP level 11. HP: 66/81 MP: 16/21
  9273 | D:9      | Found a staircase to the Lair.
  9517 | D:9      | Found Kengof's Self-Improvement Boutique.
 10228 | D:10     | Entered Level 10 of the Dungeon
 10275 | D:10     | Found Egevvaq's Assorted Antiques.
 10308 | D:10     | Found a hide-covered altar of Uskayaw.
 10402 | D:10     | Reached ***** piety under Makhleb
 10492 | D:10     | Found a radiant altar of Vehumet.
 10726 | D:10     | Bought a scroll labelled PUS LIMASO for 17 gold pieces
 10726 | D:10     | Bought a short glass wand for 68 gold pieces
 11473 | D:10     | Found a sacrificial altar of Ru.
 11963 | D:11     | Reached skill level 9 in Dodging
 11991 | D:11     | Noticed a two-headed ogre
 12216 | D:11     | Noticed a deep elf pyromancer
 12377 | D:11     | Killed a deep elf pyromancer
 12748 | Lair:1   | Entered Level 1 of the Lair of Beasts
 12780 | Lair:1   | Reached XP level 12. HP: 91/91 MP: 23/23
 13835 | Lair:2   | Noticed Fannar
 13879 | Lair:2   | Killed Fannar
 13901 | Lair:2   | Found an opulent altar of Gozag.
 13932 | Lair:2   | Noticed a death yak
 13975 | Lair:2   | Killed a death yak
 13982 | Lair:2   | Identified the +5 long sword "Budada" {drain, rElec rC-
                  | Int+4}
 14001 | Lair:2   | Found a staircase to the Snake Pit.
 14164 | Lair:2   | Noticed a death yak
 14165 | Lair:2   | Noticed a death yak
 14241 | Lair:2   | Killed a death yak
 14242 | Lair:2   | Reached skill level 10 in Dodging
 14259 | Lair:2   | Noticed a death yak
 14289 | Lair:2   | Noticed a death yak
 14395 | Lair:2   | Found a dark tunnel.
 14400 | Volcano  | Entered a volcano
 14524 | Volcano  | Noticed a stone giant
 14533 | Volcano  | Killed a stone giant
 14774 | Lair:2   | Identified a scroll of acquirement
 14774 | Lair:2   | Acquired the +8 triple crossbow of Resourcefulness {penet,
                  | Dex+2}
 15381 | Lair:2   | HP: 5/93 [death yak (22)]
 15387 | Lair:2   | HP: 10/93 [death yak (12)]
 15424 | Lair:2   | HP: 11/93 [death yak (17)]
 15507 | Lair:2   | Killed a death yak
 15615 | Lair:2   | Killed a death yak
 15616 | Lair:2   | Reached skill level 5 in Fire Magic
 15623 | Lair:2   | Killed a death yak
 15672 | Lair:3   | Noticed a six-headed hydra
 15692 | Lair:3   | Killed a six-headed hydra
 15693 | Lair:3   | Reached XP level 13. HP: 83/99 MP: 20/25
 15780 | Lair:3   | Reached skill level 10 in Short Blades
 15905 | Lair:3   | Found a staircase to the Shoals.
 16260 | Lair:3   | Reached skill level 5 in Conjurations
 16856 | Lair:4   | Found a frozen archway.
 16907 | IceCv    | Entered an ice cave
 17081 | IceCv    | Reached ****** piety under Makhleb
 17303 | IceCv    | Reached skill level 11 in Dodging
 17453 | IceCv    | Found an ancient bone altar of Kikubaaqudgha.
 17826 | IceCv    | Found the +2 Maxwell's thermic engine {flame, freeze}
 18180 | IceCv    | Got the Catalogue of the Lethal Blizzard
 18708 | Lair:4   | Reached skill level 10 in Spellcasting
 18928 | Lair:4   | Found a staircase to the Slime Pits.
 19575 | Lair:5   | Entered Level 5 of the Lair of Beasts
 19814 | Lair:5   | Reached skill level 12 in Dodging
 19815 | Lair:5   | Reached skill level 1 in Evocations
 19848 | Lair:4   | Reached XP level 14. HP: 109/109 MP: 8/28
 19933 | Lair:4   | Reached skill level 10 in Fighting
 20081 | Lair:4   | HP: 22/110 [seven-headed hydra (9)]
 20081 | Lair:4   | HP: 10/110 [seven-headed hydra (4)]
 20081 | Lair:4   | HP: 3/110 [yak (5)]
 21477 | Lair:5   | Learned a level 5 spell: Freezing Cloud
 21484 | Lair:5   | Learned a level 6 spell: Starburst
 21705 | Lair:5   | Reached skill level 1 in Ice Magic
 21705 | Lair:5   | Reached skill level 1 in Air Magic
 22010 | Lair:5   | Reached skill level 13 in Dodging
 22326 | Lair:5   | Identified the +1 ring mail of Wasted Space {Str+2}
 22508 | Lair:5   | HP: 21/111 [smoke demon/divine providence (10)]
 23267 | Lair:5   | Found a corrupted altar of Lugonu.
 23270 | Lair:5   | Found a one-way gate to the infinite horrors of the Abyss.
 23278 | Lair:5   | Got Yroojakk's Compendium of Grit and the Blaze
 23286 | Lair:5   | Identified the +1 pair of gloves of the Breadfruit {rC+
                  | Int+2 Dex+3}
 23423 | Lair:5   | HP: 22/113 [small abomination (16)]
 23940 | Lair:5   | Found a corrupted altar of Lugonu.
 23941 | Lair:5   | Found a one-way gate to the infinite horrors of the Abyss.
 24757 | D:12     | Noticed Erolcha
 24766 | D:12     | Killed Erolcha
 25441 | D:12     | Found a staircase to the Orcish Mines.
 25744 | D:12     | Reached skill level 1 in Invocations
 26115 | D:9      | Bought a manual of Armour for 880 gold pieces
 26836 | Orc:1    | Entered Level 1 of the Orcish Mines
 26866 | Orc:1    | Reached XP level 15. HP: 98/118 MP: 25/29
 27045 | Orc:2    | Entered Level 2 of the Orcish Mines
 27045 | Orc:2    | Noticed Rupert
 27055 | Orc:2    | Killed Rupert
 27056 | Orc:2    | Reached skill level 1 in Armour
 27271 | Orc:2    | Noticed Jorgrun
 27300 | Orc:2    | Killed Jorgrun
 28083 | Orc:2    | Found a staircase to the Elven Halls.
 28661 | Orc:2    | Found Dufisum's Distillery.
 28756 | Orc:2    | Bought a potion of heal wounds for 70 gold pieces
 29128 | Orc:2    | Found Celezep's Antique Weapon Emporium.
 29439 | Orc:2    | Found Raonean's Jewellery Emporium.
 29482 | Orc:2    | Found Pocaess's General Store.
 29489 | Orc:2    | Bought a scroll of fear for 60 gold pieces
 29489 | Orc:2    | Bought a potion of heal wounds for 75 gold pieces
 29489 | Orc:2    | Bought a potion of heal wounds for 75 gold pieces
 30684 | D:13     | Noticed Azrael
 30705 | D:13     | Killed Azrael
 30862 | D:13     | Noticed Sonja
 30865 | D:13     | Killed Sonja
 31014 | D:13     | Noticed Nessos
 31020 | D:13     | Killed Nessos
 31059 | D:13     | Reached skill level 5 in Ice Magic
 31059 | D:13     | Reached skill level 5 in Air Magic
 31280 | D:13     | Identified the +3 leather armour of the Harvest {Contam
                  | rElec Str+2 Slay+3}
 31387 | D:13     | Found a gate to the Vaults.
 31482 | D:14     | Reached skill level 14 in Dodging
 31496 | D:14     | Found a runed translucent gate.
 31498 | D:14     | Found a runed translucent gate.
 31737 | D:14     | Reached skill level 5 in Armour
 32317 | D:14     | Found a runed translucent gate.
 32323 | D:14     | Noticed Pyqakag's ghost (journeyman FoFi)
 32645 | D:15     | Entered Level 15 of the Dungeon
 32792 | D:15     | Reached XP level 16. HP: 127/127 MP: 30/30
 32909 | D:15     | Found a staircase to the Depths.
 32987 | D:15     | Found a bloodstained altar of Trog.
 33723 | Orc:2    | Bought a ring of poison resistance for 280 gold pieces
 34033 | Snake:1  | Entered Level 1 of the Snake Pit
 34321 | Snake:1  | Reached skill level 1 in Long Blades
 34402 | Snake:1  | HP: 25/127 [shock serpent (3)]
 34403 | Snake:1  | HP: 12/127 [shock serpent (12)]
 34412 | Snake:1  | HP: 25/127 [shock serpent (4)]
 34743 | Snake:1  | HP: 18/129 [nagaraja/+0 halberd (18)]
 34748 | Snake:1  | HP: 24/129 [nagaraja/bolt of poison (7)]
 35264 | Snake:1  | Identified the +0 shortbow "Hiatup" {elec, rF- Str+3 Dex+7}
 35469 | Snake:1  | HP: 25/129 [constriction (6)]
 35475 | Snake:1  | HP: 25/129 [constriction (5)]
 35483 | Snake:1  | HP: 24/129 [nagaraja/bolt of poison (11)]
 35499 | Snake:1  | HP: 25/129 [constriction (3)]
 35503 | Snake:1  | HP: 8/129 [constriction (6)]
 36391 | Snake:2  | Reached skill level 15 in Dodging
 36695 | Snake:2  | Found Riteruunk's Weapon Shop.
 37052 | Snake:2  | HP: 16/129 [black mamba[a naga ritualist] (13)]
 37052 | Snake:2  | HP: 4/129 [black mamba[a naga ritualist] (12)]
 37052 | Snake:2  | Slain by a black mamba

Illustrated notes

Levels and vault maps discovered:
D:1:      lightli_arrival_statue_moat, layout_basic, serial_shops,
          nicolae_shop_waterfront, nicolae_shop_behind_doors
D:2:      layout_basic, basic_altar, ebering_ecumenical_altar_petrified,
          eino_tiny_chamber, corexii_leaking_fountain, chequers_mini_garden
D:3:      layout_loops_ring, cheibrodos_sewer_entry_drain
D:4:      layout_rooms, mainiacjoe_overflow_24_doors, mainiacjoe_overflow_paths,
          marbit_many_paths, mainiacjoe_overflow_large_starburst
D:5:      layout_cave_pods, zin_scriptorium
D:6:      minmay_recursive_quarters, layout_basic, mainiacjoe_overflow_catwalk
D:7:      layout_loops_corners, mainiacjoe_overflow_alcove_1,
          minmay_temple_entry_mist, nicolae_ossuary_entry_plus, uniq_pikel,
          uniq_menkaure, uniq_prince_ribbit1
D:8:      layout_cave_pools, evilmike_ruin_ashenzari, minitemple,
          kennysheep_nondescript, serial_bayou_pond_c, uniq_maurice
D:9:      layout_long_grid, minmay_lair_entry_grove, special_room
          [special_room_kobold], chequers_serial_rivers_small_b,
          nicolae_shop_self_help
D:10:     layout_grid_maze, amcnicky_altar_gilded,
          nicolae_overflow_hidden_temple, general_overflow_altar,
          serial_co_window_serial, co_window_corner_a,
          co_window_of_opportunity_a, co_window_corner_a, co_window_corner_a,
          co_window_corner_a, co_window_paths_b, co_window_paths_a,
          co_window_paths_a, co_window_paths_a, co_window_of_opportunity_c,
          co_window_broadway_a, co_window_broadway_b,
          nicolae_inconvenience_store
D:11:     layout_loops_ring
D:12:     minmay_separated_statues, layout_loops_corners, orc_0_dummy,
          uniq_erolcha
D:13:     layout_loops_ring, david_vaults_1, uniq_sonja, uniq_nessos,
          uniq_azrael
D:14:     layout_basic, gammafunk_ghost_spectres, minmay_fractal_squares_5
D:15:     hangedman_depths_entry_civil_slaughter, layout_rooms,
          grunt_decor_resistance, bloody_trog
Temple:   nicolae_temple_ecumenical_triangle
Lair:1:   layout_roguey, beast_lair_carwin_8, lemuel_fruit_fields
Lair:2:   layout_regular_city, guppyfry_snake_entry_island, basic_altar,
          nicolae_volcano_entry_s_turn, uniq_fannar
Lair:3:   dreamdust_cave_troll, layout_gridlike, minmay_shoals_entry_centaurs
Lair:4:   layout_regular_city, dpeg_slime_entry_corner,
          portal_ice_cave_entry_imps, eino_small_chamber_without_monster,
          infiniplex_staircase_pool
Lair:5:   hellmonk_lair_end_abyssal_woods, layout_loops_ring, minivault_11
Snake:1:  layout_grid_maze, grunt_megastairs_3, lemuel_fruit_tree
Snake:2:  layout_chambers, serial_shops, nicolae_shop_stone,
          nicolae_large_snake_swirl, grunt_megastairs_4
Orc:1:    layout_caves, nicolae_shop_clearance, uniq_erica
Orc:2:    pubby_orc_utopia, uniq_rupert, uniq_jorgrun

Skill      XL: |  1  2  3  4  5  6  7  8  9 10 11 12 13 14 15 16 |
---------------+-------------------------------------------------+-----
Stealth        | 5 6 8 10 11 | 11.3
Fighting       | 1 2 3 4 5 6 7 8 9 11 12 | 12.6
Hexes          | 5 6 7 8 9 10 | 10.0
Short Blades   | 2 3 4 5 6 7 8 9 10 | 10.0
Dodging        | 3 4 5 6 8 9 10 12 13 14 15 | 15.1
Spellcasting   | 3 4 5 6 7 8 10 | 10.0
Necromancy     | 2 3 |  3.0
Fire Magic     | 1 3 5 6 7 8 |  8.5
Conjurations   | 1 3 4 5 6 |  6.0
Evocations     | 1 3 |  3.0
Ice Magic      | 3 5 |  5.0
Air Magic      | 3 5 6 |  6.1
Invocations    | 1 3 |  3.0
Armour         | 6 8 |  8.1
Long Blades    | 3 |  3.3

Action                   |  1- 3 |  4- 6 |  7- 9 | 10-12 | 13-15 | 16-18 || total
-------------------------+-------+-------+-------+-------+-------+-------++-------
Melee: Dagger            |    81 |   242 |   456 |   176 |       |       ||   955
       Punch             |     3 |     3 |     4 |    10 |    33 |    10 ||    63
       Bite              |     7 |    22 |    65 |   118 |   383 |    83 ||   678
       Short sword       |       |       |       |   191 |       |       ||   191
       Rapier            |       |       |       |   288 |  1880 |   174 ||  2342
       Double sword      |       |       |       |       |    61 |    93 ||   154
       Long sword        |       |       |       |       |       |   178 ||   178
 Fire: Triple crossbow   |       |       |       |       |     2 |       ||     2
Throw: Dart              |       |       |       |       |       |     9 ||     9
 Cast: Ensorcelled Hiber |    13 |    29 |    15 |    77 |    18 |       ||   152
       Confusing Touch   |       |       |    34 |    78 |   238 |    47 ||   397
       Fireball          |       |       |       |     1 |     9 |       ||    10
       Slow              |       |       |       |       |     1 |       ||     1
       Freezing Cloud    |       |       |       |       |     3 |       ||     3
Evoke: Wand              |       |       |       |     1 |     1 |     4 ||     6
  Use: Scroll            |       |       |    21 |     8 |     2 |     4 ||    35
       Potion            |       |       |       |     1 |     3 |    15 ||    19
 Stab: Sleeping          |    12 |    30 |    26 |    69 |    61 |    18 ||   216
       Confused          |       |       |    34 |    76 |   242 |    57 ||   409
       Distracted        |       |       |       |       |     9 |       ||     9
Armor: Robe              |    19 |    57 |   141 |   122 |   276 |     6 ||   621
       Leather armour    |       |       |       |       |       |    92 ||    92
Dodge: Dodged            |    48 |   142 |   271 |   437 |  1529 |   337 ||  2764

Table legend: (Time is in decaauts)
 A = Elapsed time spent in this place.
 B = Non-inter-level travel time spent in this place.
 C = Inter-level travel time spent in this place.
 D = Time resting spent in this place.
 E = Time spent auto-exploring this place.
 F = Levels seen in this place.
 G = Mean time per level.
                   A        B        C        D        E       F      G
               +--------+--------+--------+--------+--------+-----+--------+
         Total |  35801 |  31848 |   3953 |   4190 |  16469 |  29 | 1234.5 |
       Dungeon |  17275 |  14323 |   2952 |    891 |   9995 |  15 | 1151.7 |
        Temple |    303 |    263 |     40 |      0 |      0 |   1 |  303.0 |
          Lair |   9259 |   8655 |    604 |   1779 |   4155 |   5 | 1851.8 |
     Snake Pit |   2999 |   2956 |     43 |    934 |    532 |   2 | 1499.5 |
  Orcish Mines |   2913 |   2600 |    313 |    232 |    911 |   2 | 1456.5 |
         Sewer |   1082 |   1082 |      0 |     26 |    704 |   1 | 1082.0 |
       Ossuary |    404 |    404 |      0 |     22 |     50 |   1 |  404.0 |
      Ice Cave |   1293 |   1293 |      0 |    306 |     47 |   1 | 1293.0 |
       Volcano |    271 |    271 |      0 |      0 |     74 |   1 |  271.0 |
               +--------+--------+--------+--------+--------+-----+--------+

Top non-repeatable levels by time:
  Lair:5: 3504 daAuts
   Orc:2: 2695 daAuts
 Snake:1: 2302 daAuts
  Lair:4: 2180 daAuts
    D:12: 1882 daAuts
    D:10: 1711 daAuts
     D:7: 1508 daAuts
  Lair:2: 1493 daAuts
     D:9: 1347 daAuts
     D:8: 1340 daAuts
   IceCv: 1293 daAuts
     D:6: 1209 daAuts
    D:14: 1132 daAuts
     D:5: 1129 daAuts
     D:2: 1099 daAuts
